 Dungeon Crawl Stone Soup version 0.19-a0-578-g4cfc824 (webtiles) character file.

39 Blunderbuss the Sneak (level 3, -6/16 HPs)
             Began as a Vine Stalker Enchanter on June 9, 2016.
             Mangled by Crazy Yiuf
             ... wielding a +2 quarterstaff of chaos
              (11 damage)
             ... on level 2 of the Dungeon.
             The game lasted 00:05:07 (912 turns).

Blunderbuss the Sneak (Vine Stalker Enchanter)       Turns: 912, Time: 00:05:12

Health: -6/16      AC:  4    Str: 10    XL:     3   Next: 45%
Magic:  0/7        EV: 12    Int: 16    God:
Gold:   99         SH:  0    Dex: 14    Spells: 1 memorised, 5 levels left

rFire  . . .     SeeInvis .     a - +1 dagger
rCold  . . .     Gourm    .     b - +1 robe
rNeg   . . .     Faith    .     (no shield)
rPois  .         Spirit   +     (no helmet)
rElec  .         Dismiss  .     (no cloak)
rCorr  .         Reflect  .     (no gloves)
SustAt .         Harm     .     g - +0 pair of boots
MR     .....                    (no amulet)
Stlth  +++.......               (no ring)
                                (no ring)

@: lethally poisoned (-6 -> -7), not resistant to hostile enchantments, fairly
stealthy
A: fangs 2, regeneration 1, magic shield, antimagic bite, no device heal 3, rot
immunity
a: no special abilities


You were on level 2 of the Dungeon.
You were hungry.

You visited 1 branch of the dungeon, and saw 2 of its levels.

You collected 99 gold pieces.

Inventory:

Hand Weapons
 a - a +1 dagger (weapon)
Armour
 b - a +1 robe (worn)
 g - a +0 pair of boots (worn)
Scrolls
 e - a scroll of teleportation {unknown}
Potions
 h - a potion of invisibility {unknown}
Books
 c - a book of Maledictions

   Spells                             Type                      Level
   a - Corona                         Hexes                        1
   b - Ensorcelled Hibernation        Hexes/Ice                    2
   c - Confuse                        Hexes                        3
   d - Tukima's Dance                 Hexes                        3
   e - Dazzling Spray                 Conjuration/Hexes            3
Comestibles
 d - a bread ration
 j - a meat ration


   Skills:
 + Level 1.6 Short Blades
 + Level 1.8 Dodging
 + Level 4.1 Stealth
 * Level 2.6 Spellcasting
 + Level 3.2 Hexes


You had 5 spell levels left.
You knew the following spells:

 Your Spells              Type           Power        Failure   Level  Hunger
a - Ensorcelled Hibernat  Hex/Ice        #.....       17%         2    ##.....


Dungeon Overview and Level Annotations

Branches:
Dungeon (2/15)

Altars:
Nemelex Xobeh

Annotations:
D:2 Crazy Yiuf


Innate Abilities, Weirdness & Mutations

You have extremely sharp teeth.
Your natural rate of healing is unusually fast.
When hurt, damage is shared between your health and your magic reserves.
Your bite disrupts and absorbs the magic of your enemies.
Potions and wands cannot restore your health.
You are immune to rotting.


Message History

You barely miss Crazy Yiuf.
Crazy Yiuf is almost dead.
You hit Crazy Yiuf. Your bite misses Crazy Yiuf.
Crazy Yiuf is almost dead.
Crazy Yiuf says, "Leather!"
Crazy Yiuf hits you but does no damage.
You are poisoned.
You closely miss Crazy Yiuf.
Crazy Yiuf is almost dead.
You feel sick. Crazy Yiuf misses you.
You hit Crazy Yiuf but do no damage.
Crazy Yiuf is almost dead.
Crazy Yiuf hits you with a quarterstaff of chaos.
You hit Crazy Yiuf but do no damage. You bite Crazy Yiuf, but do no damage.
Crazy Yiuf is almost dead.
You feel sick.
Crazy Yiuf hits you with a quarterstaff of chaos!
Space warps horribly around you!
Ouch! That really hurt!
You die...

####.# #............#
#.. #....#
########.#.##.## #..
#.####
####..†...........# #..
#.#
#..>..###....###..####..
#.#
#.....###....###..).....
#.###
#.......................
#...#
#.....###.#..####.......
###.#
#.....###.#.......####..
####.###
##....g@..#.####### #..
#......# #.########.#
#.. #.##.#.# ##.## #..
#.##.#.###...# ##.
#.##..###....# #.#####
#....# #.##### #....#
#.....# #...## #######
##.##


You could see Crazy Yiuf.

Vanquished Creatures
  An adder (D:2)
  3 bats (D:1)
  3 giant cockroaches
  4 goblins
  3 hobgoblins
  4 jackals (D:1)
  A quokka (D:2)
  A giant newt (D:1)
  4 kobolds
  2 rats (D:1)
26 creatures vanquished.

Notes
Turn   | Place    | Note
--------------------------------------------------------------
     0 | D:1      | Blunderbuss the Vine Stalker Enchanter began the quest for the Orb.
     0 | D:1      | Reached XP level 1. HP: 9/9 MP: 4/4
   133 | D:1      | Reached skill level 1 in Short Blades
   212 | D:1      | Reached XP level 2. HP: 13/13 MP: 6/6
   268 | D:1      | Found a sparkling altar of Nemelex Xobeh.
   320 | D:1      | Reached skill level 4 in Stealth
   409 | D:1      | Learned a level 2 spell: Ensorcelled Hibernation
   573 | D:1      | Reached XP level 3. HP: 16/16 MP: 7/7
   850 | D:2      | Noticed Crazy Yiuf
   912 | D:2      | Mangled by Crazy Yiuf

Vault maps used:
D:1:      minmay_arrival_pointy, minivault_27, nemelex_xobeh_ov_fountains_minmay
D:2:      uniq_crazy_yiuf_cottage

Skill      XL: |  1  2 |
---------------+-------+-----
Short Blades   | 1 |  1.6
Stealth        | 4 |  4.1
Dodging        | |  1.8
Spellcasting   | |  2.6
Hexes          | |  3.2

Action                   || total
-------------------------++-------
Melee: Dagger            ||    86
       Bite              ||    19
 Cast: Ensorcelled Hiber ||     6
  Use: Scroll            ||     4
 Stab: Sleeping          ||     7
Armor: Robe              ||    18
Dodge: Dodged            ||    57
